| TOP OF THE 1ST |
|
Minot Jets batting - Pitching for Idaho Falls Spuds : RHP Christopher Ray
|
|
Pitching: RHP Christopher Ray
|
|
|
Batting: LHB Theodore Milner
|
0-0: Foul Ball, location: 2F 0-1: Ball 1-1: Ball 2-1: Ball 3-1: Foul Ball, location: 2F 3-2: Fly out, F8 (Flyball, 8LXD, EV 95.0 MPH)
|
|
Batting: SHB William Eiland
|
0-0: Called Strike 0-1: Fly out, F8 (Flyball, 8LXD, EV 83.1 MPH)
|
|
Batting: LHB Douglas Reibel
|
0-0: SINGLE (Line Drive, 3D, EV 98.1 MPH)
|
|
Batting: RHB Troy Afenir
|
0-0: Ball 1-0: Fly out, F3 (Popup, 3SF, EV 75.6 MPH)
|
| Top of the 1st over - 0 runs, 1 hit, 0 errors, 1 left on base; Minot 0 - Idaho Falls 0 |
| BOTTOM OF THE 1ST |
|
Idaho Falls Spuds batting - Pitching for Minot Jets : RHP Mike Villa
|
|
Pitching: RHP Mike Villa
|
|
|
Batting: RHB Henry Smith
|
0-0: Foul Ball, location: 2F 0-1: SINGLE (Groundball, 56S, EV 76.3 MPH) (infield hit)
|
|
Batting: RHB Tony Porras
|
0-0: Foul Ball, location: 2F 0-1: Ball 1-1: DOUBLE (Line Drive, 9LS, EV 99.4 MPH) Henry Smith to third
|
|
Batting: RHB Billie Merrifield
|
0-0: Swinging Strike 0-1: Ball 1-1: Called Strike 1-2: SINGLE (Flyball, 4MD, EV 90.6 MPH) Henry Smith scores Tony Porras to third
|
|
Batting: RHB Jeffry Dinkel
|
0-0: Foul Ball, location: 2F 0-1: Ball 1-1: Foul Ball, location: 2F 1-2: Ground out 3-1 (Groundball, 23, EV 85.0 MPH) Tony Porras scores Billie Merrifield to second
|
|
Batting: LHB Joel Weatherford
|
0-0: Ball 1-0: Ball 2-0: Foul Ball, location: 2F 2-1: Foul Ball, location: 2F 2-2: SINGLE (Groundball, 34D, EV 100.0 MPH) Billie Merrifield to third
|
|
Batting: RHB John Thornton
|
0-0: Ball 1-0: Ball 2-0: Ball 3-0: Called Strike 3-1: Base on Balls Joel Weatherford to second
|
|
Batting: RHB Brian Dorsett
|
0-0: DOUBLE (Groundball, 5L, EV 107.5 MPH) Billie Merrifield scores Joel Weatherford scores John Thornton to third Runner from 3rd tries for Home, SAFE, throw by LF to trailing runner, SAFE at third!
|
|
Batting: RHB Juan Barajas
|
0-0: Foul Ball, location: 2F 0-1: Ball 1-1: Called Strike 1-2: Ground out 6-3 (Groundball, 6, EV 90.6 MPH) Brian Dorsett scores
|
|
Batting: RHB Jose Gallardo
|
0-0: Called Strike 0-1: Fly out, F9 (Flyball, 9D, EV 100.0 MPH)
|
| Bottom of the 1st over - 6 runs, 5 hits, 0 errors, 0 left on base; Minot 0 - Idaho Falls 6 |
| TOP OF THE 2ND |
|
Minot Jets batting - Pitching for Idaho Falls Spuds : RHP Christopher Ray
|
|
Batting: RHB George Vogel
|
0-0: Fly out, F9 (Line Drive, 9, EV 103.1 MPH)
|
|
Batting: RHB Roberto Balaguer
|
0-0: Ball 1-0: Foul Ball, location: 2F 1-1: Foul Ball, location: 2F 1-2: Ball 2-2: Ball 3-2: Foul Ball, location: 2F 3-2: SINGLE (Flyball, 7LS, EV 95.6 MPH)
|
|
Batting: RHB William Phillips
|
0-0: Ball 1-0: Ball 2-0: Ball 3-0: Called Strike 3-1: Base on Balls Roberto Balaguer to second
|
|
Batting: RHB Jesus Aybar
|
0-0: Ball 1-0: Ball 2-0: Foul Ball, location: 2F 2-1: Swinging Strike 2-2: Ball 3-2: Foul Ball, location: 2F 3-2: Foul Ball, location: 2F 3-2: Foul Ball, location: 2F 3-2: Strikes out swinging
|
|
Batting: RHB Hugo Olivas
|
0-0: Ball 1-0: Ball 2-0: Fly out, F6 (Popup, P, EV 70.6 MPH)
|
| Top of the 2nd over - 0 runs, 1 hit, 0 errors, 2 left on base; Minot 0 - Idaho Falls 6 |
| BOTTOM OF THE 2ND |
|
Idaho Falls Spuds batting - Pitching for Minot Jets : RHP Mike Villa
|
|
Batting: RHB Henry Smith
|
0-0: Called Strike 0-1: Foul Ball, location: 2F 0-2: Ball 1-2: Strikes out swinging
|
|
Batting: RHB Tony Porras
|
0-0: Ball 1-0: Foul Ball, location: 2F 1-1: Called Strike 1-2: Ground out 3-1 (Groundball, 34S, EV 68.8 MPH)
|
|
Batting: RHB Billie Merrifield
|
0-0: Called Strike 0-1: Ball 1-1: Ball 2-1: Ground out 1-3 (Groundball, 13, EV 71.3 MPH)
|
| Bottom of the 2nd over - 0 runs, 0 hits, 0 errors, 0 left on base; Minot 0 - Idaho Falls 6 |
| TOP OF THE 3RD |
|
Minot Jets batting - Pitching for Idaho Falls Spuds : RHP Christopher Ray
|
|
Batting: LHB Theodore Milner
|
0-0: Ball 1-0: Ball 2-0: Swinging Strike 2-1: Ball 3-1: Swinging Strike 3-2: Foul Ball, location: 2F 3-2: Foul Ball, location: 2F 3-2: Ground out 4-3 (Groundball, 4, EV 88.8 MPH)
|
|
Batting: SHB William Eiland
|
0-0: Foul Ball, location: 2F 0-1: Ball 1-1: Ball 2-1: SOLO HOME RUN (Flyball, 89XD, EV 95.6 MPH), Distance : 390 ft
|
|
Batting: LHB Douglas Reibel
|
0-0: Ball 1-0: Ball 2-0: Ball 3-0: Called Strike 3-1: Foul Ball, location: 2F 3-2: Foul Ball, location: 2F 3-2: Foul Ball, location: 2F 3-2: SINGLE (Flyball, 8LS, EV 92.5 MPH)
|
|
Batting: RHB Troy Afenir
|
0-0: Called Strike 0-1: Ball 1-1: Ball 2-1: Ball 3-1: Foul Ball, location: 2F 3-2: Foul Ball, location: 2F 3-2: Fielders Choice at 2nd, 5-4 (Groundball, 56S, EV 90.0 MPH)
|
|
Batting: RHB George Vogel
|
0-0: SINGLE (Line Drive, 9S, EV 95.6 MPH) Troy Afenir to second Runner from 2nd tries for 3rd, SAFE, throw by RF made to third
|
|
Batting: RHB Roberto Balaguer
|
0-0: Foul Ball, location: 2F 0-1: Ball 1-1: Ball 2-1: Fly out, F6 (Line Drive, 6, EV 73.8 MPH)
|
| Top of the 3rd over - 1 run, 3 hits, 0 errors, 2 left on base; Minot 1 - Idaho Falls 6 |
| BOTTOM OF THE 3RD |
|
Idaho Falls Spuds batting - Pitching for Minot Jets : RHP Mike Villa
|
|
Batting: RHB Jeffry Dinkel
|
0-0: Ball 1-0: Ground out 6-3 (Groundball, 6, EV 85.0 MPH)
|
|
Batting: LHB Joel Weatherford
|
0-0: Ball 1-0: Ground out 3-1 (Groundball, 34, EV 91.9 MPH)
|
|
Batting: RHB John Thornton
|
0-0: Foul Ball, location: 2F 0-1: Ball 1-1: SINGLE (Groundball, 5S, EV 63.8 MPH) (infield hit)
|
|
Batting: RHB Brian Dorsett
|
0-0: Swinging Strike 0-1: Ball 1-1: Foul Ball, location: 2F 1-2: Fielders Choice at 2nd, 5-4 (Groundball, 56, EV 93.8 MPH)
|
| Bottom of the 3rd over - 0 runs, 1 hit, 0 errors, 1 left on base; Minot 1 - Idaho Falls 6 |
| TOP OF THE 4TH |
|
Minot Jets batting - Pitching for Idaho Falls Spuds : RHP Christopher Ray
|
|
Batting: RHB William Phillips
|
0-0: Swinging Strike 0-1: Foul Ball, location: 2F 0-2: Ball 1-2: Foul Ball, location: 2F 1-2: Ball 2-2: Fly out, F7 (Flyball, 78D, EV 86.3 MPH)
|
|
Batting: RHB Jesus Aybar
|
0-0: Called Strike 0-1: Ball 1-1: Called Strike 1-2: Fly out, F3 (Line Drive, 3, EV 65.0 MPH)
|
|
Batting: RHB Hugo Olivas
|
0-0: Ball 1-0: Fly out, F9 (Flyball, 9LM, EV 85.6 MPH)
|
| Top of the 4th over - 0 runs, 0 hits, 0 errors, 0 left on base; Minot 1 - Idaho Falls 6 |
| BOTTOM OF THE 4TH |
|
Idaho Falls Spuds batting - Pitching for Minot Jets : RHP Mike Villa
|
|
Batting: RHB Juan Barajas
|
0-0: Ball 1-0: Ball 2-0: Ball 3-0: Called Strike 3-1: Foul Ball, location: 2F 3-2: Foul Ball, location: 2F 3-2: Strikes out swinging
|
|
Batting: RHB Jose Gallardo
|
0-0: Foul Ball, location: 2F 0-1: Ball 1-1: Ground out 6-3 (Groundball, 6, EV 82.5 MPH)
|
|
Batting: RHB Henry Smith
|
0-0: Called Strike 0-1: Ball 1-1: SINGLE (Groundball, 6MD, EV 104.4 MPH)
|
|
Pitching: LHP Gregory Carne
|
|
|
Batting: RHB Tony Porras
|
0-0: Called Strike 0-1: Fly out, F8 (Line Drive, 8RM, EV 98.1 MPH)
|
| Bottom of the 4th over - 0 runs, 1 hit, 0 errors, 1 left on base; Minot 1 - Idaho Falls 6 |
| TOP OF THE 5TH |
|
Minot Jets batting - Pitching for Idaho Falls Spuds : RHP Christopher Ray
|
|
Batting: LHB Theodore Milner
|
0-0: Ball 1-0: Called Strike 1-1: Ball 2-1: Ball 3-1: Foul Ball, location: 2F 3-2: Base on Balls
|
|
Batting: SHB William Eiland
|
0-0: Ball 1-0: SINGLE (Groundball, 4MD, EV 103.1 MPH) (infield hit) Theodore Milner to second
|
|
Batting: LHB Douglas Reibel
|
0-0: Ball Theodore Milner steals 3rd base William Eiland to second 1-0: SINGLE (Flyball, 8LS, EV 95.0 MPH) Theodore Milner scores William Eiland to third
|
|
Batting: RHB Troy Afenir
|
0-0: SINGLE (Groundball, 6MD, EV 94.4 MPH) William Eiland scores Douglas Reibel to second
|
|
Batting: RHB George Vogel
|
0-0: Called Strike 0-1: Ball 1-1: Fly out, F4 (Flyball, 34D, EV 91.9 MPH)
|
|
Pitching: RHP Kevin Davis
|
|
|
Batting: RHB Roberto Balaguer
|
0-0: Ball 1-0: Ball 2-0: Foul Ball, location: 2F 2-1: Ball 3-1: Called Strike 3-2: Grounds into double play, 5-4-3 (Groundball, 56S, EV 82.5 MPH)
|
| Top of the 5th over - 2 runs, 3 hits, 0 errors, 1 left on base; Minot 3 - Idaho Falls 6 |
| BOTTOM OF THE 5TH |
|
Idaho Falls Spuds batting - Pitching for Minot Jets : LHP Gregory Carne
|
|
Batting: RHB Billie Merrifield
|
0-0: Ball 1-0: Ball 2-0: Foul Ball, location: 2F 2-1: Fly out, F9 (Flyball, 89S, EV 87.5 MPH)
|
|
Batting: RHB Jeffry Dinkel
|
0-0: Fly out, F8 (Flyball, 8RM, EV 94.4 MPH)
|
|
Batting: LHB Joel Weatherford
|
0-0: SINGLE (Groundball, 34D, EV 103.8 MPH)
|
|
Batting: RHB John Thornton
|
0-0: Ball 1-0: Foul Ball, location: 2F 1-1: Called Strike 1-2: Ball 2-2: Ball 3-2: Base on Balls Joel Weatherford to second
|
|
Batting: RHB Brian Dorsett
|
0-0: Ball 1-0: Foul Ball, location: 2F 1-1: Called Strike 1-2: Foul Ball, location: 2F 1-2: Ball 2-2: Fly out, F9 (Flyball, 9D, EV 80.6 MPH)
|
| Bottom of the 5th over - 0 runs, 1 hit, 0 errors, 2 left on base; Minot 3 - Idaho Falls 6 |
| TOP OF THE 6TH |
|
Minot Jets batting - Pitching for Idaho Falls Spuds : RHP Kevin Davis
|
|
Batting: RHB William Phillips
|
0-0: Called Strike 0-1: Fly out, F8 (Line Drive, 8RD, EV 85.0 MPH)
|
|
Batting: RHB Jesus Aybar
|
0-0: Ball 1-0: Called Strike 1-1: Fly out, F5 (Line Drive, 5, EV 66.3 MPH)
|
|
Batting: RHB Hugo Olivas
|
0-0: Foul Ball, location: 2F 0-1: Foul Ball, location: 2F 0-2: Hit by Pitch
|
|
Batting: LHB Theodore Milner
|
0-0: Ball 1-0: Ball 2-0: Foul Ball, location: 2F 2-1: 2-RUN HOME RUN (Line Drive, 89XD, EV 96.9 MPH), Distance : 411 ft
|
|
Batting: SHB William Eiland
|
0-0: Foul Ball, location: 2F 0-1: Ball 1-1: Ball 2-1: Ball 3-1: Foul Ball, location: 2F 3-2: Foul Ball, location: 2F 3-2: Ground out 4-3 (Groundball, 4, EV 82.5 MPH)
|
| Top of the 6th over - 2 runs, 1 hit, 0 errors, 0 left on base; Minot 5 - Idaho Falls 6 |
| BOTTOM OF THE 6TH |
|
Idaho Falls Spuds batting - Pitching for Minot Jets : LHP Gregory Carne
|
|
Batting: RHB Juan Barajas
|
0-0: Foul Ball, location: 2F 0-1: Ball 1-1: Ball 2-1: Ball 3-1: Foul Ball, location: 2F 3-2: Base on Balls
|
|
Batting: RHB Jose Gallardo
|
0-0: Called Strike 0-1: Foul Ball, location: 2F 0-2: Strikes out swinging
|
|
Batting: RHB Henry Smith
|
0-0: Called Strike 0-1: Grounds into double play, 4-6-3 (Groundball, 4, EV 83.1 MPH)
|
| Bottom of the 6th over - 0 runs, 0 hits, 0 errors, 0 left on base; Minot 5 - Idaho Falls 6 |
| TOP OF THE 7TH |
|
Minot Jets batting - Pitching for Idaho Falls Spuds : RHP Kevin Davis
|
|
Batting: LHB Douglas Reibel
|
0-0: Ball 1-0: Ball 2-0: Foul Ball, location: 2F 2-1: Foul Ball, location: 2F 2-2: Foul Ball, location: 2F 2-2: Ball 3-2: SINGLE (Line Drive, 4MD, EV 101.9 MPH)
|
|
Batting: RHB Troy Afenir
|
0-0: Called Strike 0-1: Ball 1-1: Foul Ball, location: 2F 1-2: Fly out, F5 (Line Drive, 5, EV 60.6 MPH)
|
|
Batting: RHB George Vogel
|
0-0: Called Strike 0-1: Ball 1-1: Ball 2-1: Ball 3-1: Swinging Strike 3-2: Foul Ball, location: 2F 3-2: Strikes out swinging
|
|
Batting: RHB Roberto Balaguer
|
0-0: Called Strike 0-1: Foul Ball, location: 2F 0-2: Ball 1-2: Strikes out swinging
|
| Top of the 7th over - 0 runs, 1 hit, 0 errors, 1 left on base; Minot 5 - Idaho Falls 6 |
| BOTTOM OF THE 7TH |
|
Idaho Falls Spuds batting - Pitching for Minot Jets : LHP Gregory Carne
|
|
Batting: RHB Tony Porras
|
0-0: Ball 1-0: Foul Ball, location: 2F 1-1: Called Strike 1-2: Ground out 5-3 (Groundball, 56, EV 105.6 MPH)
|
|
Batting: RHB Billie Merrifield
|
0-0: Called Strike 0-1: Swinging Strike 0-2: Strikes out swinging
|
|
Batting: RHB Jeffry Dinkel
|
0-0: Ball 1-0: Ball 2-0: Ball 3-0: Base on Balls
|
|
Batting: LHB Joel Weatherford
|
0-0: Ball 1-0: Ball 2-0: Called Strike 2-1: SINGLE (Groundball, 6M, EV 100.0 MPH) Jeffry Dinkel to second
|
|
Batting: RHB John Thornton
|
0-0: Ball 1-0: Fly out, F7 (Flyball, 7LM, EV 80.6 MPH)
|
| Bottom of the 7th over - 0 runs, 1 hit, 0 errors, 2 left on base; Minot 5 - Idaho Falls 6 |
| TOP OF THE 8TH |
|
Minot Jets batting - Pitching for Idaho Falls Spuds : RHP Kevin Davis
|
|
Batting: RHB William Phillips
|
0-0: Swinging Strike 0-1: Ball 1-1: Called Strike 1-2: Foul Ball, location: 2F 1-2: Ball 2-2: Ground out 5-3 (Groundball, 5S, EV 63.8 MPH)
|
|
Batting: RHB Jesus Aybar
|
0-0: Fly out, F8 (Flyball, 8RD, EV 91.3 MPH)
|
|
Batting: RHB Hugo Olivas
|
0-0: Ball 1-0: Swinging Strike 1-1: Ball 2-1: Fly out, F8 (Flyball, 78M, EV 78.1 MPH)
|
| Top of the 8th over - 0 runs, 0 hits, 0 errors, 0 left on base; Minot 5 - Idaho Falls 6 |
| BOTTOM OF THE 8TH |
|
Idaho Falls Spuds batting - Pitching for Minot Jets : LHP Gregory Carne
|
|
Batting: RHB Brian Dorsett
|
0-0: Swinging Strike 0-1: Ground out 4-3 (Groundball, 4, EV 84.4 MPH)
|
|
Batting: RHB Juan Barajas
|
0-0: Fly out, F6 (Popup, 6M, EV 71.3 MPH)
|
|
Batting: RHB Jose Gallardo
|
0-0: Ground out 5-3 (Groundball, 25, EV 82.5 MPH)
|
| Bottom of the 8th over - 0 runs, 0 hits, 0 errors, 0 left on base; Minot 5 - Idaho Falls 6 |
| TOP OF THE 9TH |
|
Minot Jets batting - Pitching for Idaho Falls Spuds : RHP Kevin Davis
|
|
Now at 2B: Doug Gilcrease
|
|
|
Now in CF: Mike Bryant
|
|
|
Batting: LHB Theodore Milner
|
0-0: Ball 1-0: Called Strike 1-1: Ball 2-1: Ground out 4-3 (Groundball, 34, EV 86.9 MPH)
|
|
Pitching: RHP Don Long
|
|
|
Batting: SHB William Eiland
|
0-0: Ball 1-0: Foul Ball, location: 2F 1-1: SINGLE (Groundball, 6MS, EV 70.0 MPH) (infield hit)
|
|
Batting: LHB Douglas Reibel
|
0-0: Foul Ball, location: 2F 0-1: Ball 1-1: Fly out, F6 (Flyball, 5D, EV 98.1 MPH)
|
|
Pinch Hitting: LHB John Wilson
|
0-0: Ball 1-0: Called Strike 1-1: SINGLE (Groundball, 6D, EV 103.8 MPH) William Eiland to second
|
|
Batting: RHB George Vogel
|
0-0: Called Strike 0-1: Called Strike 0-2: Ball 1-2: Ball 2-2: Foul Ball, location: 2F 2-2: Ball 3-2: Base on Balls William Eiland to third John Wilson to second
|
|
Batting: RHB Roberto Balaguer
|
0-0: Called Strike 0-1: Ball 1-1: Called Strike 1-2: Ball Passed Ball! William Eiland scores John Wilson to third George Vogel to second 2-2: Foul Ball, location: 2F 2-2: Ball 3-2: Foul Ball, location: 2F 3-2: Base on Balls
|
|
Pinch Hitting: RHB Jim Dickerson
|
0-0: Ball 1-0: Foul Ball, location: 2F 1-1: Ball 2-1: Ball 3-1: Base on Balls John Wilson scores George Vogel to third Roberto Balaguer to second
|
|
Batting: RHB Jesus Aybar
|
0-0: Foul Ball, location: 2F 0-1: SINGLE (Line Drive, 56D, EV 98.1 MPH) George Vogel scores Roberto Balaguer to third Jim Dickerson to second Runner from 3rd tries for Home, SAFE, throw by LF to home
|
|
Batting: RHB Hugo Olivas
|
0-0: Fly out, F8 (Flyball, 89S, EV 86.9 MPH)
|
| Top of the 9th over - 4 runs, 3 hits, 0 errors, 2 left on base; Minot 9 - Idaho Falls 6 |
| BOTTOM OF THE 9TH |
|
Idaho Falls Spuds batting - Pitching for Minot Jets : LHP Gregory Carne
|
|
Now at C: David Griego
|
|
|
Now at 1B: Anthony Garcia
|
|
|
Now at 2B: Jose Lora
|
|
|
Now in CF: Davy Perkins
|
|
|
Batting: RHB Henry Smith
|
0-0: Called Strike 0-1: Foul Ball, location: 2F 0-2: Foul Ball, location: 2F 0-2: Foul Ball, location: 2F 0-2: Ball 1-2: Foul Ball, location: 2F 1-2: Ball 2-2: Foul Ball, location: 2F 2-2: Foul Ball, location: 2F 2-2: Fly out, F3 (Flyball, 3D, EV 94.4 MPH)
|
|
Batting: RHB Tony Porras
|
0-0: DOUBLE (Line Drive, 7LM, EV 105.0 MPH)
|
|
Batting: RHB Billie Merrifield
|
0-0: Called Strike 0-1: Ball 1-1: Foul Ball, location: 2F 1-2: Ball 2-2: Ball 3-2: Foul Ball, location: 2F 3-2: Fly out, F2 (Popup, 23F, EV 90.0 MPH)
|
|
Pitching: LHP Rodney Rehmert
|
|
|
Batting: RHB Doug Gilcrease
|
0-0: Swinging Strike 0-1: Ball 1-1: Ground out 5-3 (Groundball, 56, EV 83.8 MPH)
|
| Bottom of the 9th over - 0 runs, 1 hit, 0 errors, 1 left on base; Minot 9 - Idaho Falls 6 |
|